 Dungeon Crawl Stone Soup version 0.16.2-12-gd0ad4c3 (webtiles) character file.

786 faibistes the Cudgeler (level 7, -13/68 HPs)
             Began as an Ogre Warper on Dec 12, 2017.
             Mangled by a mummy (18 damage)
             ... in an ossuary.
             The game lasted 00:21:41 (9132 turns).

faibistes the Cudgeler (Ogre Warper)                Turns: 9132, Time: 00:21:41

Health: -13/68     AC:  3    Str: 17    XL:     7   Next: 86%
Magic:  17/17      EV: 10    Int: 14    God:
Gold:   290        SH:  0    Dex:  9    Spells: 5 memorised, 3 levels left

rFire  . . .     SeeInvis .     a - +0 mace
rCold  . . .     Clarity  .     b - +0 robe (curse)
rNeg   . . .     SustAb   .     (shield restricted)
rPois  .         Gourm    .     (helmet restricted)
rElec  .         Spirit   .     (no cloak)
rCorr  .         Warding  .     (gloves unavailable)
rMut   .         Stasis   .     (boots unavailable)
MR     .....                    (no amulet)
Stlth  +.........               (no ring)
                                (no ring)

@: not resistant to hostile enchantments, very unstealthy
A: unfitting armour, tough skin 1
a: no special abilities


You were in an ossuary.
You were not hungry.

You visited 1 branch of the dungeon, and saw 6 of its levels.
You also visited: Ossuary.

You collected 290 gold pieces.

Inventory:

Hand weapons
 a - a +0 mace (weapon)
 p - a cursed +0 club of chaos
 q - a +0 spear of chaos
Missiles
 e - 5 tomahawks of dispersal
 j - 79 stones (quivered)
Armour
 b - a cursed +0 robe (worn)
Jewellery
 t - an uncursed ring of positive energy {unknown}
Magical devices
 i - a wand of digging (13)
 y - a wand of polymorph (11)
Scrolls
 h - a scroll of amnesia {unknown}
 l - 3 scrolls of remove curse
 u - a scroll of teleportation {unknown}
 w - a scroll of enchant armour {unknown}
Potions
 d - a potion of resistance
 g - a potion of flight
 k - a potion of curing
 o - a potion of brilliance
 r - 2 potions of restore abilities
 s - a potion of invisibility {unknown}
 v - a potion of cure mutation {unknown}
Books
 c - a book of Spatial Translocations

   Spells                             Type                      Level
   a - Apportation                    Translocation                1
   b - Blink                          Translocation                2
   c - Shroud of Golubria             Charms/Translocation         2
   d - Portal Projectile              Translocation                3
   e - Teleport Other                 Translocation                3
   f - Passage of Golubria            Translocation                4
Comestibles
 f - 3 meat rations
 m - 6 bread rations
 n - 5 fruits
 x - a beef jerky


   Skills:
 + Level 3.8 Fighting
 * Level 5.3 Maces & Flails
 * Level 4.1 Throwing
 + Level 1.5 Armour
 - Level 1.7 Dodging
 * Level 4.1 Spellcasting
 + Level 1.4 Charms
 * Level 3.7 Translocations
 * Level 1.8 Evocations


You had 3 spell levels left.
You knew the following spells:

 Your Spells              Type           Power        Failure   Level  Hunger
a - Apportation           Tloc           ##........   4%          1    None
b - Teleport Other        Tloc           ##......     14%         3    ###....
c - Shroud of Golubria    Chrm/Tloc      ##........   12%         2    ##.....
d - Blink                 Tloc           N/A          10%         2    ##.....
e - Portal Projectile     Tloc           ##....       14%         3    ###....


Dungeon Overview and Level Annotations

Branches:
Dungeon (6/15)
 Temple: D:4-7

Altars:
Ashenzari
Cheibriados
Nemelex Xobeh
Sif Muna
Xom


Innate Abilities, Weirdness & Mutations

You are too large for most types of armour.
You have tough skin (AC +1).


Message History

The mummy is heavily damaged.
Throwing (i - inventory. (,) - cycle):
j - 80 stones (quivered)
Press: ? - help, Shift-Dir - straight line, f/p - mummy
Aim: a mummy (heavily damaged)
You throw a stone. The stone hits the mummy.
The mummy is severely damaged.
A large net falls down onto the mummy!
The mummy is caught in the net!
You hit the mummy.
The mummy is almost destroyed.
The mummy fails to trigger a net trap.
The mummy struggles against the net.
You hear a distant blaring wail to the south.
The mummy struggles against the net.
You hit the mummy.
You destroy the mummy!
You feel nervous for a moment...
Your club of chaos glows black for a moment.
You hear a distant blaring wail to the southwest.
The mummy hits you!!
You die...

##...##
#(....#
##.(...##
#...(...#
#.......#
#...(...#
#.......#
#...∩(..#
#.....@.#
#....^(M#
##.....##
+.....+
#.....#
+.....+
#.....#
+.....+
#.....#


You could see a mummy.

Vanquished Creatures
  A sky beast (D:5)
  A giant frog (D:4)
  A scorpion (D:4)
  An orc priest (D:3)
  A crimson imp (D:3)
  3 worker ants (D:4)
  4 orc wizards
  A hound zombie (D:5)
  Terence (D:2)
  2 mummies (Ossuary)
  A worker ant zombie (D:5)
  Robin (D:2)
  11 adders
  A giant mite (D:3)
  2 worms
  An adder skeleton (D:6)
  5 giant geckos
  An ooze (D:4)
  19 orcs
  2 ball pythons (D:2)
  11 bats
  A bat zombie (D:5)
  13 goblins
  11 hobgoblins
  9 jackals
  4 giant cockroaches
  A giant cockroach zombie (D:1)
  6 giant newts
  8 kobolds
  3 quokkas
  10 rats
137 creatures vanquished.

Notes
Turn   | Place    | Note
--------------------------------------------------------------
     0 | D:1      | faibistes, the Ogre Warper, began the quest for the Orb.
     0 | D:1      | Reached XP level 1. HP: 22/22 MP: 3/3
   170 | D:1      | Reached XP level 2. HP: 25/29 MP: 5/5
   177 | D:1      | Learned a level 2 spell: Blink
   180 | D:1      | Learned a level 2 spell: Shroud of Golubria
   856 | D:1      | Found a sparkling altar of Nemelex Xobeh.
   893 | D:1      | Reached XP level 3. HP: 36/36 MP: 6/6
   999 | D:1      | Reached skill level 3 in Maces & Flails
  1329 | D:1      | Found a shattered altar of Ashenzari.
  1375 | D:2      | Found a snail-covered altar of Cheibriados.
  1778 | D:2      | Found a shimmering altar of Xom.
  1901 | D:2      | Reached XP level 4. HP: 43/45 MP: 5/8
  1909 | D:2      | Learned a level 3 spell: Teleport Other
  1989 | D:2      | Reached skill level 1 in Armour
  1994 | D:2      | Noticed Robin
  2223 | D:2      | Killed Robin
  2909 | D:2      | Noticed Terence
  2922 | D:2      | Killed Terence
  2922 | D:2      | Reached XP level 5. HP: 41/53 MP: 5/10
  3981 | D:3      | Reached skill level 4 in Maces & Flails
  4515 | D:3      | Reached XP level 6. HP: 55/61 MP: 13/13
  4536 | D:3      | Learned a level 3 spell: Portal Projectile
  4840 | D:3      | You fall through a shaft!
  5458 | D:3      | HP: 2/61 [orc priest/divine providence (15)]
  5460 | D:3      | Reached skill level 1 in Evocations
  6059 | D:5      | Entered Level 5 of the Dungeon
  6075 | D:5      | Reached skill level 1 in Charms
  6733 | D:5      | Reached XP level 7. HP: 16/67 MP: 12/15
  7514 | D:4      | Reached skill level 5 in Maces & Flails
  7959 | D:4      | Found a deep blue altar of Sif Muna.
  7959 | D:4      | Found a shattered altar of Ashenzari.
  9096 | D:6      | Found a sand-covered staircase.
  9101 | Ossuary  | Entered an ossuary
  9119 | Ossuary  | HP: 3/68 [mummy (11)]
  9132 | Ossuary  | Mangled by a mummy

Action                   |  1- 3 |  4- 6 |  7- 9 || total
-------------------------+-------+-------+-------++-------
Melee: Mace              |   109 |   360 |   195 ||   664
Throw: Stone             |     5 |    70 |    48 ||   123
 Cast: Shroud of Golubri |     8 |    47 |    22 ||    77
       Blink             |       |     3 |     3 ||     6
  Use: Scroll            |       |     8 |       ||     8
       Potion            |       |     2 |       ||     2
  Eat: Chunk             |     4 |    17 |     9 ||    30
       Fruit             |       |     2 |       ||     2
